 Dungeon Crawl Stone Soup version 0.30.1-4-g462c640d31 (webtiles) character file.

Game seed: 15597117713247598565

116188 booth the Severer (level 16, -1/136 (141) HPs)
             Began as a Demonspawn Gladiator on Sept 11, 2023.
             Was an Elder of Ashenzari.
             Splashed by a goliath frog's acid (7 damage)
             ... on level 3 of the Swamp on Sept 13, 2023.
             The game lasted 04:04:11 (29248 turns).

booth the Severer (Demonspawn Gladiator)           Turns: 29248, Time: 04:04:12

HP:   -1/136 (141)  AC: 24    Str: 20    XL:     16   Next: 20%
MP:   0/16          EV: 12    Int: 11    God:    Ashenzari [****..]
Gold: 1663          SH:  8    Dex: 13    Spells: 16/16 levels left

rFire   + . .        o - +2 mace (heavy)
rCold   + . .        v - +2 buckler of the Ensconced Burden {reflect, Cun, Self} (curse)
rNeg    + . .        L - +2 chain mail {rPois}
rPois   +            (helmet restricted)
rElec   .            M - +2 cloak "Chained Together" {Will+, Self, Range} (curse)
rCorr   .            A - +2 pair of gloves of the Omniscient Stars {Alch, Self} (curse)
SInv    +            X - +1 pair of boots of Ashenzari's Disgust {Self, Cun} (curse)
Will    ++...        S - amulet "Regret of Ashenzari" {rN+ Regen+ Dex-3 Stlth+, Range, Fort} (curse)
Stlth   ++           j - ring of the Clairvoyant Stars {rF+, Comp, Bglg} (curse)
HPRegen 1.22/turn    Q - ring of Ashenzari's Urgency {rC+, Bglg, Range} (curse)
MPRegen 0.30/turn

%: reflection, clarity, guardian spirit
@: lethally poisoned (-1 -> -11), about to teleport, corroded, sanguine
armoured, studying Shields, lightly drained, very slow
A: antennae 2, demonic guardian 1, magic shield, magic regeneration, magic link,
sanguine armour 2
a: Renounce Religion, Curse Item, Shatter the Chains


You were on level 3 of the Swamp.
You worshipped Ashenzari.
Ashenzari was greatly pleased with you.
You visited 4 branches of the dungeon, and saw 25 of its levels.
You visited the Abyss 1 time.
You also visited: Sewer, Gauntlet and Volcano.

You collected 3150 gold pieces.
You spent 1487 gold pieces at shops.

Inventory:

Hand Weapons
 o - a +2 heavy mace (weapon)
 p - a +0 battleaxe of flaming
 q - the +7 war axe of Fortitude {drain, Int+5}
   (You took it off a minotaur in a Gauntlet)

   Int:       It affects your intelligence (+5).
 B - a +0 executioner's axe of electrocution
Missiles
 b - 13 javelins
 d - 5 throwing nets
 m - 22 poisoned darts
 y - a silver javelin
 T - 11 boomerangs (quivered)
 U - 7 curare-tipped darts
 V - 3 datura-tipped darts
Armour
 c - the +0 plate armour of Refuge {rF+ Int+2}
   (You bought it in a shop on level 15 of the Dungeon)

   Int:       It affects your intelligence (+2).
   rF:        It protects you from fire.
 t - quicksilver dragon scales
 v - the cursed +2 buckler of the Ensconced Burden (worn) {reflect, Cun, Self}
   (You took it off a tengu warrior on level 15 of the Dungeon)

   It has a curse which improves the following skills: Cunning: Dodging and
   Stealth.
   Introspection: Fighting and Spellcasting.
 A - the cursed +2 pair of gloves of the Omniscient Stars (worn) {Alch, Self}
   (You found it on level 3 of the Dungeon)

   It has a curse which improves the following skills: Alchemy: Poison Magic and
   Transmutations.
   Introspection: Fighting and Spellcasting.
 L - a +2 chain mail of poison resistance (worn)
 M - the cursed +2 cloak "Chained Together" (worn) {Will+, Self, Range}
   (You found it on level 3 of the Lair of Beasts)

   It has a curse which improves the following skills: Introspection: Fighting
   and Spellcasting.
   Ranged Combat: Ranged Weapons and Throwing.
 X - the cursed +1 pair of boots of Ashenzari's Disgust (worn) {Self, Cun}
   (You found it on level 9 of the Dungeon)

   It has a curse which improves the following skills: Introspection: Fighting
   and Spellcasting.
   Cunning:   Dodging and Stealth.
Jewellery
 f - a +5 ring of evasion
 j - the cursed ring of the Clairvoyant Stars (left hand) {rF+, Comp, Bglg}
   (You found it on level 1 of the Lair of Beasts)

   [ring of protection from fire]

   rF:        It protects you from fire.
   It has a curse which improves the following skills: Companions: Summonings
   and Necromancy.
   Beguiling: Conjurations, Hexes and Translocations.
 G - an amulet of reflection
 P - a ring of resist corrosion
 Q - the cursed ring of Ashenzari's Urgency (right hand) {rC+, Bglg, Range}
   (You found it on level 8 of the Dungeon)

   [ring of protection from cold]

   rC:        It protects you from cold.
   It has a curse which improves the following skills: Beguiling: Conjurations,
   Hexes and Translocations.
   Ranged Combat: Ranged Weapons and Throwing.
 S - the cursed amulet "Regret of Ashenzari" (around neck) {rN+ Regen+ Dex-3 Stlth+, Range, Fort}
   (You acquired it on level 8 of the Dungeon)

   [amulet of regeneration]

   Dex:       It affects your dexterity (-3).
   rN:        It protects you from negative energy.
   Regen:     It increases your rate of health regeneration.
   Stlth:     It makes you more stealthy.
   It has a curse which improves the following skills: Ranged Combat: Ranged
   Weapons and Throwing.
   Fortitude: Armour and Shields.
 Y - a ring of positive energy
Wands
 r - a wand of light (2)
 u - a wand of mindburst (15)
 z - a wand of charming (23)
 H - a wand of flame (42)
 K - a wand of digging (20)
 R - a wand of polymorph (9)
Scrolls
 a - 2 scrolls of blinking
 e - 4 scrolls of magic mapping
 i - 3 scrolls of fear
 l - 3 scrolls of immolation
 w - a scroll of brand weapon
 C - 7 scrolls of teleportation
 E - 7 scrolls of fog
 F - 4 scrolls of vulnerability
 N - a scroll of butterflies
Potions
 g - 8 potions of mutation
 h - 3 potions of haste
 k - 11 potions of curing
 n - 5 potions of resistance
 x - a potion of invisibility
 D - a potion of lignification
 I - 6 potions of brilliance
 J - a potion of cancellation
 O - 3 potions of might
 W - 5 potions of flight


   Skills:
 + Level 12.8(17.1) Fighting
 * Level 16.3 Axes
 + Level 11.8(15.3) Throwing
 + Level 8.3(10.2) Armour
 - Level 8.5(11.3) Dodging
 + Level 9.2(11.9) Stealth
 + Level 7.7(9.6) Shields


You had 16 spell levels left.
You didn't know any spells.
Your spell library contained the following spells:

 Spells                   Type           Power      Damage    Failure   Level
 Kiss of Death            Conj/Necr      0%         2d5       88%         1
 Beastly Appendage        Tmut           0%         N/A       89%         1
 Necrotise                Necr           0%         1d4       89%         1
 Summon Small Mammal      Summ           0%         N/A       89%         1
 Freeze                   Ice            0%         1d3       91%         1
 Wereblood                Tmut           0%         N/A       96%         2
 Passwall                 Tmut/Erth      0%         N/A       97%         2
 Poisonous Vapours        Pois/Air       0%         N/A       97%         2
 Call Canine Familiar     Summ           0%         N/A       99%         3
 Confusing Touch          Hex            1%         N/A       99%         3
 Dazzling Flash           Conj/Hex       2%         N/A       99%         3
 Spider Form              Tmut/Pois      0%         N/A       99%         3
 Summon Guardian Golem    Hex/Summ       0%         N/A       99%         3
 Vampiric Draining        Necr           0%         2d6       99%         3
 Vhi's Electric Charge    Tloc/Air       0%         N/A       99%         3
 Volatile Blastmotes      Fire/Tloc      0%         2d10      99%         3
 Anguish                  Hex/Necr       0%         N/A       100%        4
 Cause Fear               Hex            0%         N/A       100%        4
 Dispel Undead            Necr           0%         3d6       100%        4
 Fulminant Prism          Conj/Hex       0%         3d5       100%        4
 Iskenderun's Mystic Bla  Conj/Tloc      1%         2d3       100%        4
 Leda's Liquefaction      Hex/Erth       0%         N/A       100%        4
 Passage of Golubria      Tloc           1%         N/A       100%        4
 Petrify                  Tmut/Erth      0%         N/A       100%        4
 Summon Lightning Spire   Summ/Air       0%         N/A       100%        4
 Agony                    Necr           0%         N/A       100%        5
 Arcjolt                  Conj/Air       0%         1d10      100%        5
 Blade Hands              Tmut           0%         N/A       100%        5
 Freezing Cloud           Conj/Ice/Air   0%         6-21      100%        5
 Irradiate                Conj/Tmut      0%         3d11      100%        5
 Lee's Rapid Deconstruct  Erth           0%         3d4*      100%        5
 Metabolic Englaciation   Hex/Ice        0%         N/A       100%        5
 Silence                  Hex/Air        0%         N/A       100%        5
 Yara's Violent Unravell  Hex/Tmut       0%         3d3       100%        5
 Statue Form              Tmut/Erth      0%         N/A       100%        6
 Dragon Form              Tmut           0%         N/A       100%        7
 Enfeeble                 Hex            0%         N/A       100%        7
 Storm Form               Tmut/Air       0%         N/A       100%        7
 Lehudib's Crystal Spear  Conj/Erth      0%         10d2      100%        8
 Maxwell's Capacitive Co  Air            0%         ∞         100%        8


Dungeon Overview and Level Annotations

Branches:
Dungeon (15/15)            Temple (0/1) D:7            Lair (5/5) D:9
  Swamp (3/4) Lair:2        Snake (0/4) Lair:2        Slime (0/5) Lair:4
    Orc (2/2) D:9             Elf (0/3) Orc:2        Vaults (0/5) D:13
 Depths (0/4) D:15          Sewer (visited)         Volcano (visited)
Gauntlet (visited)

Altars:
Ashenzari
Cheibriados
Fedhas
Hepliaklqana
Makhleb
Nemelex Xobeh
Okawaru
Sif Muna
Vehumet
Wu Jian
Lugonu

Shops:
D:4 !   D:6 :   D:9 :(   D:11 [   D:15 [   Orc:1 [   Orc:2 *(([(

Portals:
Hell: Lair:5
Trove: D:14 (show abyssal rune of Zot)

Annotations:
D:5 3 runed translucent doors, 0gre's ghost, novice GnIE
D:11 3 runed translucent doors, GasterBasher2's ghost, journeyman MiBe


Innate Abilities, Weirdness & Mutations

You have a pair of antennae on your head.
A weak demonic guardian rushes to your aid.
When hurt, damage is shared between your health and your magic reserves.
You regenerate magic rapidly.
When low on magic, you restore magic in place of health.
When seriously injured, your blood forms thick armour. (AC +9)


Message History

The fenstrider witch barely misses you. The fenstrider witch kicks you!
* * * LOW HITPOINT WARNING * * *
A demonic guardian appears!
The eleionoma hits you.
* * * LOW HITPOINT WARNING * * *
The polar bear rages.
The swamp drake breathes poison at you.
The noxious blast engulfs the spriggan berserker but does no damage.
The spriggan berserker is engulfed in noxious fumes.
The spriggan berserker appears confused.
The spriggan berserker hits the spriggan rider with a +0 flail!
The fenstrider witch gestures at you while chanting.
The toxic sludge hits you but does no damage.
You are more poisoned.
Splash!
You fall into the toxic bog.
Moving in this stuff is going to be slow.
The eleionoma is engulfed in noxious fumes.
The eleionoma hits you but does no damage.
The spriggan rider is engulfed in noxious fumes.
The spriggan rider hits you from afar with a +0 spear!
* * * LOW HITPOINT WARNING * * *
The goliath frog is engulfed in noxious fumes.
The goliath frog hits you but does no damage.
Your shadow imp splashes around in the water.
You feel much better.
You fester in the toxic bog!
You partially resist.
You are more poisoned.
You feel very sick.
The spriggan druid is engulfed in noxious fumes.
The spriggan druid appears confused.
You block the spriggan druid's attack.
The eleionoma splashes around in the water.
The spriggan druid closely misses you.
You block the fenstrider witch's attack.
The fenstrider witch kicks you but does no damage.
Your quasit bites the spriggan druid but does no damage.
Your quasit barely misses the spriggan druid.
Your quasit splashes around in the water.
The goliath frog is engulfed in noxious fumes.
The goliath frog hits you!
* * * LOW HITPOINT WARNING * * *
The acid corrodes you!
You are splashed with acid!
You die...

* ~ ~.~~..~** ~ ,, ,
* ~~~.§~♣ ? * , ,
~~~~~~.. , ~~~ *
~.§~.~~. ,♣*~~~ ~ , *
, <~
~...~~.∆,.♣.i..*,* ,
,,,.......♣♣...§~.*,*
~ ~ ~ ~
~~.[~..55.♣.~. * ~ ,
~ ~~~k~~○iR♣~.♣ ,~,,
~, ~ , ~.~.♣○i@i~.♣,
, * * ~ ,
~.~~.~iHFR.~~..~ ,
..!.~hYi♣~~~..~~ ,
♣..♣§t§.~~~~~~♣ , , ,
~ * ~~~..§~~.~~~~~~.~
* *
~~~~.♣~...~~.~~~~, *
♣.~~>~~#~~~~~~~
♣♣..~..*#......, ,
,~,, * , , , * ,*


You could see 2 eleionomae, an alligator, an elephant (summoned, berserk), a
fenstrider witch, a spriggan rider, a spriggan berserker (regenerating,
strong-willed, confused), a spriggan air mage (repels missiles), a polar bear
(summoned, berserk), 2 spriggan druids, a goliath frog, a swamp drake (catching
breath), a friendly quasit (summoned) and a friendly shadow imp (summoned).

Vanquished Creatures
  2 bone dragons
  A lich (Abyss:2)
  Frances (D:12)
  A deep elf elementalist (Abyss:2)
  An eleionoma (Swamp:1)
  A minotaur (Gauntlet)
  A bunyip (Swamp:1)
  A fire dragon (Volcano)
  Fannar (D:12)
  6 alligators
  A death knight (D:15)
  A rakshasa (D:14)
  2 ogre magi (D:15)
  5 hydras
  A ghost crab (Swamp:2)
  4 boulder beetles
  11 two-headed ogres
  7 centaur warriors
  3 tengu warriors
  4 death yaks (Lair:5)
  A thrashing horror (Abyss:2)
  Sonja (Lair:3)
  A fire crab (Gauntlet)
  2 skeletal warriors (D:15)
  A deep troll (D:13)
  2 goliath frogs (Swamp:1)
  A sixfirhy (Lair:5)
  A skyshark (Lair:3)
  A death drake (Swamp:1)
  A swamp dragon (Swamp:2)
  A phantasmal warrior (D:15)
  3 lindwurms (Volcano)
  2 orc knights
  2 bog bodies (Swamp:2)
  A tengu zombie (D:15)
  A deep elf zephyrmancer (D:14)
  A necromancer (D:15)
  3 orc sorcerers
  4 wizards
  5 deep elf pyromancers
  5 cyclopes
  2 manticores
  A manticore (shapeshifter) (D:15)
  2 will-o-the-wisps (Swamp:2)
  2 fire giant zombies (D:15)
  A salamander (Lair:2)
  8 elephants
  A fire giant skeleton (D:15)
  Maurice (D:12)
  A smoke demon (Volcano)
  8 black mambas
  A gargoyle (D:14)
  3 orange demons
  17 cane toads
  An unseen horror (D:13)
  7 rime drakes
  3 kobold demonologists (D:13)
  An efreet (D:12)
  A freezing wraith (D:15)
  4 ice devils (Lair:5)
  5 komodo dragons
  4 tengu conjurers
  A troll (shapeshifter) (D:13)
  5 trolls
  A hellwing (Lair:5)
  2 tyrant leeches (Swamp:1)
  5 hornets (Swamp:1)
  6 polar bears
  4 raiju
  16 blink frogs
  6 dream sheep (Lair:2)
  4 flying skulls (Gauntlet)
  14 slime creatures
  7 fire bats
  5 spriggans (Swamp:1)
  2 large abominations (Abyss:2)
  2 shadows
  36 yaks
  7 wraiths
  7 wyverns
  4 basilisks
  A golden eye (shapeshifter) (D:14)
  9 steam dragons
  Grum (D:11)
  5 vampire mosquitoes
  5 swamp worms
  5 wargs
  A spatial vortex (Abyss:1)
  4 acid dragons
  5 hell hounds
  8 water moccasins
  Duvessa (D:5)
  A black bear (D:4)
  A swamp drake (Lair:2)
  28 orc warriors
  17 wolves
  11 ogres
  10 centaurs
  2 kobold brigands
  5 bullfrogs
  2 scorpions
  9 wights (D:8)
  7 killer bees
  3 electric eels
  7 howler monkeys
  2 jellies (D:7)
  3 lava snakes (Lair:2)
  2 hounds
  13 orc priests
  3 gnoll boudas
  Jessica (D:2)
  Ijyb (D:3)
  4 iguanas
  18 orc wizards
  12 gnolls
  12 adders
  7 river rats (Sewer)
  13 white imps
  4 worms
  A dart slug (D:3)
  59 orcs
  10 ball pythons
  5 bats
  4 endoplasms
  4 giant cockroaches
  7 goblins
  5 hobgoblins
  2 jackals (Sewer)
  3 quokkas
  6 frilled lizards
  18 kobolds
  9 rats
  A butterfly (Lair:2)
680 creatures vanquished.

Vanquished Creatures (collateral kills)
  Rupert (D:12)
  A hydra (Swamp:2)
  A death yak (Lair:5)
  A lindwurm (Volcano)
  A yak (Lair:1)
  2 steam dragons
  An ice beast (D:6)
  A centaur (Orc:2)
  Dowan (D:5)
  A killer bee (D:10)
  An orc priest (Orc:2)
  A gnoll (D:4)
  A ball python (D:1)
  A rat (D:4)
15 creatures vanquished.

Vanquished Creatures (others)
  A shadow wraith (D:13)
  A bloated husk (Swamp:2)
  A water moccasin (D:5)
  A centaur (Orc:2)
  6 foxfires (Swamp:2)
10 creatures vanquished.

Grand Total: 705 creatures vanquished

Notes
Turn   | Place    | Note
-------+----------+-------------------------------------------
     0 | D:1      | booth the Demonspawn Gladiator began the quest for the Orb.
     0 | D:1      | Reached XP level 1. HP: 16/16 MP: 1/1
   271 | D:1      | Gained mutation: A weak demonic guardian rushes to your
                  | aid. [demonic ancestry]
   271 | D:1      | Reached XP level 2. HP: 21/22 MP: 2/2
   583 | D:1      | Reached skill level 3 in Axes
   671 | D:1      | You fall into a shaft and drop 1 floor!
   862 | D:2      | Reached XP level 3. HP: 23/28 MP: 3/3
  1194 | D:2      | Noticed Jessica
  1209 | D:2      | Killed Jessica
  1210 | D:2      | Reached XP level 4. HP: 22/34 MP: 4/4
  1866 | D:3      | Noticed Ijyb
  1878 | D:3      | Killed Ijyb
  2005 | D:3      | Found a burning altar of Makhleb.
  2007 | D:3      | Found a blossoming altar of Fedhas.
  2078 | D:3      | Identified the +1 cloak of Loss {Harm rElec rCorr Str+3}
  2248 | D:3      | Reached XP level 5. HP: 41/41 MP: 5/5
  2594 | D:3      | Identified a scroll of acquirement
  2594 | D:3      | Acquired 683 gold pieces
  2658 | D:4      | Reached skill level 4 in Axes
  2680 | D:4      | Found Qink's Distillery.
  2688 | D:4      | Bought a potion of resistance for 120 gold pieces
  2688 | D:4      | Bought a potion of curing for 36 gold pieces
  2688 | D:4      | Bought a potion of curing for 36 gold pieces
  2688 | D:4      | Bought a potion of curing for 36 gold pieces
  2688 | D:4      | Bought a potion of heal wounds for 60 gold pieces
  2763 | D:4      | Noticed a black bear
  2774 | D:4      | Killed a black bear
  2775 | D:4      | Gained mutation: When seriously injured, your blood forms
                  | armour. (AC +9) [demonic ancestry]
  2775 | D:4      | Reached XP level 6. HP: 47/47 MP: 6/6
  2940 | D:4      | Found a glowing drain.
  2944 | Sewer    | Entered a sewer
  3218 | Sewer    | Reached skill level 5 in Axes
  3291 | Sewer    | Reached XP level 7. HP: 52/53 MP: 7/7
  4262 | D:5      | Entered Level 5 of the Dungeon
  4391 | D:5      | Noticed Dowan
  4398 | D:5      | Noticed Duvessa
  4411 | D:5      | Killed Duvessa
  4432 | D:5      | Killed Dowan
  4872 | D:5      | Found a broken altar of Ashenzari.
  4883 | D:5      | Found a runed translucent gate.
  4883 | D:5      | Found a runed translucent gate.
  4884 | D:5      | Found a runed translucent gate.
  4887 | D:5      | Became a worshipper of Ashenzari the Shackled
  5183 | D:5      | Reached XP level 8. HP: 61/61 MP: 8/8
  5239 | D:5      | Noticed 0gre's ghost (novice GnIE)
  5273 | D:5      | Found a snail-covered altar of Cheibriados.
  5539 | D:6      | Reached skill level 6 in Axes
  5701 | D:6      | Found a radiant altar of Vehumet.
  5788 | D:6      | Found a hazy altar of Hepliaklqana.
  5991 | D:6      | Reached skill level 5 in Fighting
  6016 | D:6      | Reached skill level 5 in Dodging
  6146 | D:6      | Found Mezoph's Book Shop.
  6562 | D:7      | Reached skill level 7 in Axes
  6567 | D:7      | Reached * piety under Ashenzari
  6612 | D:7      | Reached skill level 5 in Throwing
  6922 | D:7      | Gained mutation: When seriously injured, your blood forms
                  | thick armour. (AC +9) [demonic ancestry]
  6922 | D:7      | Reached XP level 9. HP: 67/68 MP: 9/9
  6942 | D:7      | Found a staircase to the Ecumenical Temple.
  7315 | D:7      | Reached ** piety under Ashenzari
  7766 | D:8      | Reached skill level 8 in Axes
  8025 | D:8      | Found an iron altar of Okawaru.
  8214 | D:8      | Acquired the amulet "Jeilumnu" {rN+ Regen+ Dex-3 Stlth+}
  8507 | D:9      | Found Zeibehos's Weapon Shoppe.
  8508 | D:9      | Found a staircase to the Orcish Mines.
  8533 | D:9      | Found Ryxtidau's Book Boutique.
  8568 | D:9      | Bought 2 curare-tipped darts for 28 gold pieces
  8799 | D:9      | Noticed a two-headed ogre
  8839 | D:9      | Killed a two-headed ogre
  8840 | D:9      | Reached skill level 9 in Axes
  8840 | D:9      | Gained mutation: You regenerate magic rapidly. [demonic
                  | ancestry]
  8840 | D:9      | Reached XP level 10. HP: 60/77 MP: 10/10
  9169 | D:9      | Found an ornate altar of the Wu Jian Council.
  9263 | D:9      | Found a staircase to the Lair.
  9881 | D:10     | Entered Level 10 of the Dungeon
 10128 | D:10     | Found a sparkling altar of Nemelex Xobeh.
 10289 | D:10     | Found a shimmering blue altar of Sif Muna.
 10756 | D:10     | Reached skill level 10 in Axes
 10810 | Lair:1   | Entered Level 1 of the Lair of Beasts
 11116 | Lair:1   | Gained mutation: When hurt, damage is shared between your
                  | health and your magic reserves. [demonic ancestry]
 11116 | Lair:1   | Reached XP level 11. HP: 86/86 MP: 11/11
 11160 | Lair:1   | Reached *** piety under Ashenzari
 11365 | Lair:1   | Found a dark tunnel.
 11380 | Volcano  | Entered a volcano
 11487 | Volcano  | Noticed a lindwurm
 11500 | Volcano  | Killed a lindwurm
 11501 | Volcano  | Reached skill level 11 in Axes
 11567 | Volcano  | Noticed a lindwurm
 11583 | Volcano  | Killed a lindwurm
 11680 | Volcano  | Noticed a fire dragon
 11693 | Volcano  | Killed a fire dragon
 11805 | Volcano  | Noticed a lindwurm
 11821 | Volcano  | Killed a lindwurm
 11867 | Volcano  | Noticed a lindwurm
 11876 | Volcano  | Killed a lindwurm
 11957 | Lair:1   | Reached **** piety under Ashenzari
 12749 | Lair:2   | Found a staircase to the Swamp.
 12767 | Lair:2   | Gained mutation: When low on magic, you restore magic in
                  | place of health. [demonic ancestry]
 12767 | Lair:2   | Reached XP level 12. HP: 58/102 MP: 6/12
 12834 | Lair:2   | Reached skill level 1 in Stealth
 12882 | Lair:2   | Noticed a four-headed hydra
 12896 | Lair:2   | Killed a four-headed hydra
 12897 | Lair:2   | Reached skill level 1 in Armour
 12953 | Lair:2   | Reached skill level 12 in Axes
 13062 | Lair:2   | Found a staircase to the Snake Pit.
 14056 | Lair:3   | Noticed Sonja
 14092 | Lair:3   | Killed Sonja
 14412 | Lair:3   | Found a frozen archway.
 14722 | Lair:3   | Reached skill level 10 in Fighting
 15417 | Lair:4   | Reached skill level 13 in Axes
 15418 | Lair:4   | Reached XP level 13. HP: 109/109 MP: 13/13
 15638 | Lair:4   | Found a staircase to the Slime Pits.
 16577 | Lair:5   | Entered Level 5 of the Lair of Beasts
 16681 | Lair:5   | Reached skill level 5 in Stealth
 16888 | Lair:5   | Identified the +6 chain mail of Refuge {Int+3}
 17215 | Lair:5   | Reached skill level 5 in Armour
 17266 | Lair:5   | Reached skill level 10 in Throwing
 17393 | Lair:5   | Reached skill level 14 in Axes
 17788 | Lair:5   | Found a burning altar of Makhleb.
 17865 | Lair:5   | Reached XP level 14. HP: 97/121 MP: 14/14
 17956 | Lair:5   | Found a gateway to Hell.
 17956 | Lair:5   | Identified the +0 plate armour of Greed {Will+ Dex+3}
 18520 | D:11     | Identified Sif Muna's Omnibus of Sand
 18537 | D:11     | Identified Ts'ui Pên's Compilation of Forking Paths
 18608 | D:11     | Identified the Catalogue of Plaster Cramp
 18965 | D:11     | Found Zischaki's Armour Boutique.
 19014 | D:11     | Noticed Grum
 19039 | D:11     | Killed Grum
 19305 | D:11     | Found a runed translucent gate.
 19305 | D:11     | Found a runed translucent gate.
 19305 | D:11     | Found a runed translucent gate.
 19305 | D:11     | Noticed GasterBasher2's ghost (journeyman MiBe)
 19476 | D:12     | Noticed Fannar
 19498 | D:12     | Killed Fannar
 19537 | D:12     | Noticed Rupert
 19569 | D:12     | Killed Rupert
 19828 | D:12     | Noticed Maurice
 19839 | D:12     | Killed Maurice
 19922 | D:12     | Noticed Frances
 19951 | D:12     | Killed Frances
 20045 | D:12     | Acquired a manual of Shields
 20203 | D:13     | Found a gate leading to a gauntlet.
 20258 | D:13     | Reached skill level 1 in Shields
 20398 | Gauntlet | Entered a Gauntlet
 20398 | Gauntlet | Found a transporter.
 20403 | Gauntlet | Found a transporter.
 20405 | Gauntlet | Found a transporter.
 20423 | Gauntlet | Found a transporter.
 20425 | Gauntlet | Found a transporter.
 20436 | Gauntlet | Found a runed translucent door.
 20440 | Gauntlet | Found a transporter.
 20455 | Gauntlet | Found a transporter.
 20460 | Gauntlet | Found a transporter.
 20471 | Gauntlet | Found a transporter.
 20473 | Gauntlet | Identified the +1 pair of boots of Dice, Bag, and Bottle
                  | {Int+5}
 20476 | Gauntlet | Found a transporter.
 20487 | Gauntlet | Found a transporter.
 20502 | Gauntlet | Found a transporter.
 20512 | Gauntlet | Found a transporter.
 20517 | Gauntlet | Found a transporter.
 20794 | Gauntlet | Identified the +3 steam dragon scales "Upeaf" {Dex+3
                  | Slay+3}
 20794 | Gauntlet | Identified the +0 battleaxe "Uroli" {chaos, rPois Will+
                  | Str+2 Stlth+}
 20794 | Gauntlet | Identified the Elucidation of Therianthropy and Conduction
 20794 | Gauntlet | Identified the +7 war axe of Fortitude {drain, Int+5}
 20934 | D:13     | Found a corrupted altar of Lugonu.
 21200 | D:13     | Reached skill level 15 in Axes
 21284 | D:13     | Found a gate to the Vaults.
 22710 | D:14     | Gained mutation: You have a pair of small antennae on your
                  | head. [demonic ancestry]
 22710 | D:14     | Reached XP level 15. HP: 103/129 MP: 13/15
 23119 | D:14     | Found a portal to a secret trove of treasure.
 23401 | D:15     | Entered Level 15 of the Dungeon
 23729 | D:15     | Found Vuquolo's Antique Armour Shop.
 23734 | D:15     | Bought a heavily runed plate armour for 924 gold pieces
 23734 | D:15     | Identified the +0 plate armour of Refuge {rF+ Int+2} (You
                  | bought it in a shop on level 15 of the Dungeon)
 23736 | D:15     | Bought a runed chain mail for 247 gold pieces
 23898 | D:15     | Reached skill level 5 in Shields
 23920 | Abyss:1  | Cast into level 1 of the Abyss (orc knight)
 23948 | Abyss:1  | Noticed a bone dragon
 24006 | Abyss:1  | Killed a bone dragon
 24280 | Abyss:1  | Noticed a lich
 24334 | Abyss:2  | Noticed a lich
 24366 | Abyss:2  | Killed a lich
 24458 | Abyss:2  | Noticed a bone dragon
 24476 | Abyss:2  | Noticed a bone dragon
 24508 | Abyss:2  | Killed a bone dragon
 24687 | D:15     | Escaped the Abyss
 25593 | D:15     | Found a staircase to the Depths.
 25968 | Orc:1    | Entered Level 1 of the Orcish Mines
 26039 | Orc:1    | Found Imoj's Antique Armour Boutique.
 26372 | Orc:2    | Entered Level 2 of the Orcish Mines
 26531 | Orc:2    | Found a staircase to the Elven Halls.
 26788 | Orc:2    | Found Volydone's Overcharged Wands.
 27058 | Orc:2    | Reached skill level 16 in Axes
 27079 | Orc:2    | HP: 3/133 [orc warrior/+0 halberd (15)]
 27524 | Orc:2    | Found Jeakysoet's Antique Armour Boutique.
 27524 | Orc:2    | Found Zuurphutru's Weapon Shoppe.
 27526 | Orc:2    | Found Wolider's Weapon Emporium.
 27528 | Orc:2    | Found Juudo's Weapon Shop.
 27677 | Swamp:1  | Entered Level 1 of the Swamp
 27723 | Swamp:1  | Identified the +4 short sword "Beastslayer" {vamp, rElec
                  | Int+3}
 27907 | Swamp:1  | Acquired a +0 executioner's axe of electrocution
 28102 | Swamp:1  | Gained mutation: You have a pair of antennae on your head.
                  | [demonic ancestry]
 28102 | Swamp:1  | Reached XP level 16. HP: 104/140 MP: 12/16
 28283 | Swamp:1  | Identified the +0 scale mail of Nemelex Xobeh's Whim {rN++
                  | Str-5}
 28318 | Swamp:1  | Paralysed by a hornet for 2 turns
 29247 | Swamp:3  | HP: 6/136 [spriggan rider/+0 spear (10)]
 29248 | Swamp:3  | Splashed by a goliath frog's acid

Illustrated notes

Levels and vault maps discovered:
D:1:      dpeg_arrival_oval, layout_basic, chequers_serial_rivers_small_b
D:2:      layout_basic, grunt_decor_one_mirror, uniq_jessica
D:3:      layout_basic, nicolae_overflow_hidden_temple, uniq_ijyb
D:4:      layout_basic, gup_sewer_entry_bowl, serial_shops, shop_fountains,
          serial_bayou, serial_bayou_pond_a, serial_bayou_pond_c,
          serial_bayou_crossing, serial_bayou_pond_d
D:5:      layout_basic, mainiacjoe_overflow_small_starburst,
          mainiacjoe_overflow_tiny_flanked, gammafunk_ghost_icy, uniq_duvessa
D:6:      layout_cave_pools, mainiacjoe_overflow_six_doors_small,
          vehumet_altar_wand_db, serial_shops, kennysheep_mini_moat,
          chequers_serial_rivers_marsh, hangedman_decor_lopped,
          lexackson_kobold_supper
D:7:      layout_basic, minmay_temple_entry_arrows, serial_glass,
          glass_columns_a, glass_columns_a, minmay_fractal_squares_diagonal_5
D:8:      layout_rooms, mainiacjoe_overflow_chevrons
D:9:      layout_stronghold, mainiacjoe_overflow_catwalk,
          erik_lair_orcish_takeover, orc_david_3, serial_shops, shop
D:10:     layout_long_grid, overflow_temple_1_default,
          lemuel_coloured_pillars_altar
D:11:     layout_roguey, ebering_ghost_rock_garden, serial_shops,
          kennysheep_little_box, bh_hangedman_babel_library, uniq_grum
D:12:     layout_rooms, uniq_frances, uniq_maurice, uniq_fannar, uniq_rupert
D:13:     kennysheep_kobold_lugonu_temple, layout_loops_corners, david_vaults_4,
          gauntlet_entry_generic
D:14:     layout_basic, nicolae_trove_entry_diagonal
D:15:     gammafunk_depths_entry_grave, layout_irregular_city,
          serial_column_ruins, column_ruins_hut, column_ruins_square_medium,
          column_ruins_columns_straight, column_ruins_open_small,
          column_ruins_open_tiny, column_ruins_corridor_straight,
          column_ruins_grid_1, column_ruins_corridor_corner, serial_shops,
          nicolae_shop_just_a_little_nook, hangedman_decor_slide_cut
Lair:1:   layout_cellular_growth, nicolae_volcano_entry_batcave
Lair:2:   layout_chaotic_city, minmay_swamp_entry_eels,
          nicolae_snake_entry_warm_welcome, st_stairs_4,
          chequers_serial_rivers_micro_a, hibernation_bobbens,
          lemuel_fruit_fields, infiniplex_staircase_pool, grunt_megastairs_2,
          lemuel_fruit_fields
Lair:3:   layout_cave_pods, portal_ice_cave_entry_imps,
          infiniplex_staircase_pool_2, uniq_sonja
Lair:4:   layout_hall_layers, slime_entry_1, nicolae_quartered_pool_impasse,
          chequers_serial_rivers_large_a, serial_bayou_pond_e,
          beast_lair_carwin_10
Lair:5:   evil_forest, layout_regular_city
Swamp:1:  layout_basic_swamp, evilmike_swamp_ruin_house_2, swamp_pool4
Swamp:2:  layout_falls_marsh, evilmike_swamp_ruin_house_5
Swamp:3:  gammafunk_worm_tunnel, layout_falls_marsh, hangedman_swamp_ruin_wall,
          swamp_pool5, nzn_swamp_dancing_lights
Orc:1:    layout_caves, serial_shops, nicolae_shop_trees
Orc:2:    st_orc_rangers, layout_diamond_mine, basic_altar,
          nicolae_shop_overcharged_wands

Skill      XL: |  1  2  3  4  5  6  7  8  9 10 11 12 13 14 15 16 |
---------------+-------------------------------------------------+-----
Throwing       | 2 3 4 5 6 7 8 9 10 11 | 11.8
Axes           | 3 4 5 7 9 10 11 13 14 15 16 | 16.3
Dodging        | 3 4 5 6 7 8 |  8.5
Fighting       | 3 4 5 6 7 9 10 11 12 | 12.8
Stealth        | 4 6 7 8 9 |  9.2
Armour         | 3 5 6 8 |  8.3
Shields        | 4 7 |  7.7

Action                     |  1- 3 |  4- 6 |  7- 9 | 10-12 | 13-15 | 16-18 || total
---------------------------+-------+-------+-------+-------+-------+-------++-------
  Melee: War axe           |     9 |       |    93 |   539 |  1415 |   120 ||  2176
         Hand axe          |    69 |   170 |   333 |       |       |       ||   572
         Punch             |       |     2 |     9 |     8 |    23 |       ||    42
         Mace              |       |       |       |    14 |   118 |    11 ||   143
  Throw: Dart              |       |     7 |    15 |    33 |    35 |     3 ||    93
         Javelin           |       |     1 |     4 |     3 |    51 |       ||    59
         Throwing net      |       |     1 |       |       |       |       ||     1
         Boomerang         |       |       |     1 |       |    36 |    21 ||    58
 Invoke: Curse Item        |       |       |     4 |     3 |     5 |       ||    12
         Shatter the Chain |       |       |     1 |     1 |     2 |       ||     4
  Evoke: Wand              |       |       |       |       |     2 |       ||     2
    Use: Scroll            |     5 |     4 |     9 |     3 |     6 |     1 ||    28
         Potion            |     1 |     3 |     4 |       |    10 |     3 ||    21
   Stab: Sleeping          |     2 |     1 |       |     1 |    20 |     2 ||    26
         Distracted        |       |       |     1 |     4 |    11 |       ||    16
 Armour: Leather armour    |    22 |       |       |       |       |       ||    22
         Robe              |       |     3 |       |       |       |       ||     3
         Ring mail         |       |    27 |    99 |   254 |   501 |       ||   881
         Chain mail        |       |       |       |       |   285 |   110 ||   395
  Dodge: Dodged            |    56 |   123 |   318 |   523 |   869 |    78 ||  1967
  Block: Other             |       |       |    43 |       |       |       ||    43
         Reflection        |       |       |     2 |       |    25 |       ||    27
         Buckler           |       |       |       |       |    98 |    68 ||   166
